3A
IDAHO FALLS CHUKARS @ KENNESAW JETS
07/18/2042
 
TOP OF THE 1ST
Idaho Falls Chukars batting - Pitching for Kennesaw Jets : RHP Kimmo-Mikka Jokinen
Pitching: RHP Kimmo-Mikka Jokinen
Batting: LHB Steve Jones 0-0: Called Strike
0-1: Ball
1-1: Fly out, F8 (Flyball, 8LD, EV 93.1 MPH)
Batting: RHB Cor van Capelleveen 0-0: Foul Ball, location: 2F
0-1: Foul Ball, location: 2F
0-2: Ball
1-2: Strikes out looking
Batting: SHB Gavin Okel 0-0: Ball
1-0: Foul Ball, location: 2F
1-1: Ball
2-1: Foul Ball, location: 2F
2-2: Foul Ball, location: 2F
2-2: Foul Ball, location: 2F
2-2: Ball
3-2: SINGLE (Flyball, 7S, EV 86.9 MPH)
Batting: RHB Glenn Seals 0-0: Swinging Strike
0-1: Ball
1-1: Ball
2-1: Swinging Strike
2-2: Foul Ball, location: 2F
2-2: Foul Ball, location: 2F
2-2: Foul Ball, location: 2F
2-2: Fly out, F9 (Flyball, 89S, EV 96.2 MPH)
Top of the 1st over - 0 runs, 1 hit, 0 errors, 1 left on base; Idaho Falls 0 - Kennesaw 0
BOTTOM OF THE 1ST
Kennesaw Jets batting - Pitching for Idaho Falls Chukars : RHP Andy Burns
Pitching: RHP Andy Burns
Batting: RHB Will Gamble 0-0: Called Strike
0-1: Swinging Strike
0-2: Strikes out swinging, 2-3 out at first.
Batting: LHB Steve Hodge 0-0: Foul Ball, location: 2F
0-1: Swinging Strike
0-2: Foul Ball, location: 2F
0-2: Ball
1-2: Fly out, F8 (Flyball, 8RS, EV 89.4 MPH)
Batting: RHB Rubén Nuañez 0-0: Foul Ball, location: 2F
0-1: Ball
1-1: SINGLE (Line Drive, 56D, EV 97.5 MPH)
Batting: RHB Pancho Hernández 0-0: Ball
1-0: Ball
2-0: Ball
3-0: Base on Balls
Rubén Nuañez to second
Batting: LHB Russ Boucher 0-0: Called Strike
0-1: Ball
1-1: Ball
2-1: Ball
3-1: Base on Balls
Rubén Nuañez to third
Pancho Hernández to second
Batting: RHB Pepe Rodríguez 0-0: Ball
1-0: Swinging Strike
1-1: Called Strike
1-2: Foul Ball, location: 2F
1-2: Foul Ball, location: 2F
1-2: Foul Ball, location: 2F
1-2: Foul Ball, location: 2F
1-2: Foul Ball, location: 2F
1-2: Ball
2-2: Strikes out swinging
Bottom of the 1st over - 0 runs, 1 hit, 0 errors, 3 left on base; Idaho Falls 0 - Kennesaw 0
TOP OF THE 2ND
Idaho Falls Chukars batting - Pitching for Kennesaw Jets : RHP Kimmo-Mikka Jokinen
Batting: RHB Matt Fuller 0-0: Ball
1-0: Swinging Strike
1-1: Fly out, F2 (Popup, 15S, EV 90.0 MPH)
Batting: LHB Taroemon Nishii 0-0: Ball
1-0: Foul Ball, location: 2F
1-1: Ball
2-1: Foul Ball, location: 2F
2-2: Strikes out looking
Batting: LHB Alberto Medellín 0-0: Ball
1-0: Ball
2-0: Fly out, F8 (Flyball, 8RD, EV 98.8 MPH)
Top of the 2nd over - 0 runs, 0 hits, 0 errors, 0 left on base; Idaho Falls 0 - Kennesaw 0
BOTTOM OF THE 2ND
Kennesaw Jets batting - Pitching for Idaho Falls Chukars : RHP Andy Burns
Batting: LHB José Costa 0-0: SINGLE (Line Drive, 9LS, EV 93.8 MPH)
Batting: RHB Wally Harrison 0-0: Ball
1-0: Ball
2-0: Grounds into double play, 4-6-3 (Groundball, 4M, EV 104.4 MPH)
Batting: RHB Kaaleppi Möttölä 0-0: Swinging Strike
0-1: Ball
1-1: Ball
2-1: Swinging Strike
2-2: SINGLE (Flyball, 9S, EV 96.9 MPH)
Batting: RHB Will Gamble 0-0: Fly out, F8 (Flyball, 8LM, EV 88.8 MPH)
Bottom of the 2nd over - 0 runs, 2 hits, 0 errors, 1 left on base; Idaho Falls 0 - Kennesaw 0
TOP OF THE 3RD
Idaho Falls Chukars batting - Pitching for Kennesaw Jets : RHP Kimmo-Mikka Jokinen
Batting: RHB Nelson Moore 0-0: Ball
1-0: Ground out 6-3 (Groundball, 6, EV 85.0 MPH)
Batting: RHB Nick Yeend 0-0: Called Strike
0-1: Ball
1-1: Called Strike
1-2: Ball
2-2: Strikes out swinging
Batting: LHB Steve Jones 0-0: Called Strike
0-1: SINGLE (Groundball, 34D, EV 104.4 MPH)
Batting: RHB Cor van Capelleveen 0-0: Ball
1-0: Ball
2-0: Foul Ball, location: 2F
2-1: SINGLE (Flyball, 8RS, EV 85.0 MPH)
Steve Jones to second
Runner from 2nd tries for 3rd, SAFE, no throw by CF
Batting: SHB Gavin Okel 0-0: Ball
1-0: Called Strike
1-1: SINGLE (Groundball, 4MD, EV 106.9 MPH)
Steve Jones scores
Cor van Capelleveen to second
Runner from 2nd tries for 3rd, OUT! 8-5
Top of the 3rd over - 1 run, 3 hits, 0 errors, 1 left on base; Idaho Falls 1 - Kennesaw 0
BOTTOM OF THE 3RD
Kennesaw Jets batting - Pitching for Idaho Falls Chukars : RHP Andy Burns
Batting: LHB Steve Hodge 0-0: Ball
1-0: Ball
2-0: Ball
3-0: Called Strike
3-1: Foul Ball, location: 2F
3-2: Base on Balls
Batting: RHB Rubén Nuañez 0-0: Ball
1-0: Ball
2-0: Ball
3-0: Called Strike
3-1: Swinging Strike
3-2: Foul Ball, location: 2F
3-2: SINGLE (Line Drive, 34D, EV 100.6 MPH)
Steve Hodge to second
Batting: RHB Pancho Hernández 0-0: Ball
1-0: Ball
2-0: Ball
3-0: Called Strike
3-1: Called Strike
3-2: Foul Ball, location: 2F
3-2: Foul Ball, location: 2F
3-2: Foul Ball, location: 2F
3-2: DOUBLE (Groundball, 5L, EV 97.5 MPH)
Steve Hodge scores
Rubén Nuañez to third
Runner from 3rd tries for Home, SAFE, no throw by LF
Batting: LHB Russ Boucher 0-0: Swinging Strike
0-1: Ball
1-1: Swinging Strike
1-2: Foul Ball, location: 2F
1-2: Ball
Wild Pitch!
Pancho Hernández to third
2-2: Strikes out swinging
Batting: RHB Pepe Rodríguez 0-0: Ball
1-0: Foul Ball, location: 2F
1-1: Fly out, F7 (Flyball, 7S, EV 88.8 MPH)
Batting: LHB José Costa 0-0: SINGLE (Groundball, 56D, EV 98.8 MPH)
Pancho Hernández scores
Batting: RHB Wally Harrison 0-0: Called Strike
0-1: Ball
1-1: Ball
2-1: Ball
3-1: Foul Ball, location: 2F
3-2: Foul Ball, location: 2F
3-2: Fly out, F4 (Line Drive, 4, EV 65.6 MPH)
Bottom of the 3rd over - 3 runs, 3 hits, 0 errors, 1 left on base; Idaho Falls 1 - Kennesaw 3
TOP OF THE 4TH
Idaho Falls Chukars batting - Pitching for Kennesaw Jets : RHP Kimmo-Mikka Jokinen
Batting: RHB Glenn Seals 0-0: Ball
1-0: Called Strike
1-1: Called Strike
1-2: Foul Ball, location: 2F
1-2: Foul Ball, location: 2F
1-2: Ball
2-2: Foul Ball, location: 2F
2-2: Foul Ball, location: 2F
2-2: SINGLE (Groundball, 56, EV 101.2 MPH)
Batting: RHB Matt Fuller 0-0: Ball
1-0: Ball
2-0: Fly out, F3 (Popup, 3SF, EV 81.2 MPH)
Batting: LHB Taroemon Nishii 0-0: Ball
1-0: Called Strike
1-1: Swinging Strike
1-2: SINGLE (Groundball, 34D, EV 97.5 MPH)
Glenn Seals to second
Runner from 2nd tries for 3rd, SAFE, no throw by RF
Batting: LHB Alberto Medellín 0-0: Ball
1-0: Swinging Strike
1-1: Grounds into double play, 4-6-3 (Groundball, 4M, EV 83.1 MPH)
Top of the 4th over - 0 runs, 2 hits, 0 errors, 1 left on base; Idaho Falls 1 - Kennesaw 3
BOTTOM OF THE 4TH
Kennesaw Jets batting - Pitching for Idaho Falls Chukars : RHP Andy Burns
Batting: RHB Kaaleppi Möttölä 0-0: Foul Ball, location: 2F
0-1: Foul Ball, location: 2F
0-2: Ball
1-2: Strikes out swinging
Batting: RHB Will Gamble 0-0: Swinging Strike
0-1: Swinging Strike
0-2: Ball
1-2: Foul Ball, location: 2F
1-2: SINGLE (Groundball, 56D, EV 104.4 MPH)
Batting: LHB Steve Hodge 0-0: Foul Ball, location: 2F
0-1: Grounds into double play, 4-6-3 (Groundball, 4, EV 89.4 MPH)
Bottom of the 4th over - 0 runs, 1 hit, 0 errors, 0 left on base; Idaho Falls 1 - Kennesaw 3
TOP OF THE 5TH
Idaho Falls Chukars batting - Pitching for Kennesaw Jets : RHP Kimmo-Mikka Jokinen
Batting: RHB Nelson Moore 0-0: Ball
1-0: Foul Ball, location: 2F
1-1: Foul Ball, location: 2F
1-2: Foul Ball, location: 2F
1-2: Ball
2-2: SINGLE (Line Drive, 4M, EV 94.4 MPH)
Batting: RHB Nick Yeend 0-0: Ball
1-0: Ball
2-0: Ball
3-0: Base on Balls
Nelson Moore to second
Batting: LHB Steve Jones 0-0: Sac Bunt to 13S - play at first, batter OUT! 1-3
Nelson Moore to third
Nick Yeend to second
Batting: RHB Cor van Capelleveen 0-0: Foul Ball, location: 2F
0-1: Ball
1-1: Foul Ball, location: 2F
1-2: Foul Ball, location: 2F
1-2: Ball
2-2: Ground out 5-3 (Groundball, 5S, EV 83.1 MPH)
Batting: SHB Gavin Okel 0-0: Foul Ball, location: 2F
0-1: Ball
1-1: Foul Ball, location: 2F
1-2: SINGLE (Flyball, 89S, EV 91.9 MPH)
Nelson Moore scores
Nick Yeend to third
Batting: RHB Glenn Seals 0-0: Called Strike
0-1: Ball
1-1: Foul Ball, location: 2F
1-2: Ball
Gavin Okel is caught stealing 2nd base 2-4
Top of the 5th over - 1 run, 2 hits, 0 errors, 1 left on base; Idaho Falls 2 - Kennesaw 3
BOTTOM OF THE 5TH
Kennesaw Jets batting - Pitching for Idaho Falls Chukars : RHP Andy Burns
Batting: RHB Rubén Nuañez 0-0: Ground out 5-3 (Groundball, 56, EV 105.6 MPH)
Batting: RHB Pancho Hernández 0-0: Ball
1-0: Ball
2-0: Foul Ball, location: 2F
2-1: Fly out, F7 (Flyball, 7S, EV 88.8 MPH)
Batting: LHB Russ Boucher 0-0: Ball
1-0: Foul Ball, location: 2F
1-1: Fly out, F8 (Flyball, 89S, EV 88.8 MPH)
Bottom of the 5th over - 0 runs, 0 hits, 0 errors, 0 left on base; Idaho Falls 2 - Kennesaw 3
TOP OF THE 6TH
Idaho Falls Chukars batting - Pitching for Kennesaw Jets : RHP Kimmo-Mikka Jokinen
Pitching: RHP Máximo Luna
Batting: RHB Glenn Seals 0-0: Ball
1-0: Foul Ball, location: 2F
1-1: Foul Ball, location: 2F
1-2: Fly out, F8 (Line Drive, 8LD, EV 89.4 MPH)
Batting: RHB Matt Fuller 0-0: Ball
1-0: Called Strike
1-1: Ball
2-1: Foul Ball, location: 2F
2-2: Strikes out looking
Batting: LHB Taroemon Nishii 0-0: Called Strike
0-1: Ball
1-1: Called Strike
1-2: Strikes out looking
Top of the 6th over - 0 runs, 0 hits, 0 errors, 0 left on base; Idaho Falls 2 - Kennesaw 3
BOTTOM OF THE 6TH
Kennesaw Jets batting - Pitching for Idaho Falls Chukars : RHP Andy Burns
Batting: RHB Pepe Rodríguez 0-0: Called Strike
0-1: Ball
1-1: Ball
2-1: SINGLE (Line Drive, 6D, EV 100.0 MPH)
Pitching: RHP Stan Rose
Batting: LHB José Costa 0-0: Ball
1-0: Ball
2-0: Foul Ball, location: 2F
2-1: Ball
3-1: Called Strike
3-2: Base on Balls
Pepe Rodríguez to second
Pinch Runner at 2nd Scotty Forrest:
Batting: RHB Wally Harrison 0-0: Bunted foul
0-1: Ball
1-1: Bunted foul
1-2: Foul Ball, location: 2F
1-2: Ball
2-2: Foul Ball, location: 2F
2-2: Foul Ball, location: 2F
2-2: Ball
3-2: Ground out U3 (Groundball, 3, EV 90.6 MPH)
Scotty Forrest to third
José Costa to second
Batting: RHB Kaaleppi Möttölä 0-0: Ball
1-0: Ground out 6-3 (Groundball, 6, EV 85.6 MPH)
Batting: RHB Will Gamble 0-0: Ball
1-0: Ball
2-0: Ball
3-0: Called Strike
3-1: Base on Balls
Batting: LHB Steve Hodge 0-0: Ball
1-0: Called Strike
1-1: Ball
2-1: Swinging Strike
2-2: Strikes out looking
Bottom of the 6th over - 0 runs, 1 hit, 0 errors, 3 left on base; Idaho Falls 2 - Kennesaw 3
TOP OF THE 7TH
Idaho Falls Chukars batting - Pitching for Kennesaw Jets : RHP Máximo Luna
Now in RF: Scotty Forrest
Batting: LHB Alberto Medellín 0-0: Swinging Strike
0-1: Ball
1-1: Ball
2-1: Ball
3-1: Foul Ball, location: 2F
3-2: Foul Ball, location: 2F
3-2: Strikes out looking
Batting: RHB Nelson Moore 0-0: Called Strike
0-1: Ball
1-1: Called Strike
1-2: Foul Ball, location: 2F
1-2: Fly out, F7 (Line Drive, 7D, EV 96.2 MPH)
Batting: RHB Nick Yeend 0-0: Ball
1-0: Foul Ball, location: 2F
1-1: Ball
2-1: Ground out 1-3 (Groundball, 34S, EV 80.6 MPH)
Top of the 7th over - 0 runs, 0 hits, 0 errors, 0 left on base; Idaho Falls 2 - Kennesaw 3
BOTTOM OF THE 7TH
Kennesaw Jets batting - Pitching for Idaho Falls Chukars : RHP Stan Rose
Batting: RHB Rubén Nuañez 0-0: Swinging Strike
0-1: Called Strike
0-2: Strikes out swinging
Batting: RHB Pancho Hernández 0-0: Ball
1-0: Called Strike
1-1: SINGLE (Groundball, 6MD, EV 96.9 MPH)
Pitching: RHP Mike Lewis
Batting: LHB Russ Boucher 0-0: Called Strike
0-1: Called Strike
0-2: Ball
1-2: Strikes out swinging
Batting: LHB Scotty Forrest 0-0: Called Strike
0-1: Ball
1-1: Swinging Strike
1-2: Fly out, F4 (Line Drive, 4, EV 65.0 MPH)
Bottom of the 7th over - 0 runs, 1 hit, 0 errors, 1 left on base; Idaho Falls 2 - Kennesaw 3
TOP OF THE 8TH
Idaho Falls Chukars batting - Pitching for Kennesaw Jets : RHP Máximo Luna
Batting: LHB Steve Jones 0-0: Called Strike
0-1: Ground out 6-3 (Groundball, 56S, EV 86.2 MPH)
Batting: RHB Cor van Capelleveen 0-0: Foul Ball, location: 2F
0-1: Called Strike
0-2: Strikes out swinging
Batting: SHB Gavin Okel 0-0: Foul Ball, location: 2F
0-1: Foul Ball, location: 2F
0-2: Foul Ball, location: 2F
0-2: Foul Ball, location: 2F
0-2: TRIPLE (Flyball, 8RXD, EV 94.4 MPH)
Pitching: LHP Manuel Silva
Batting: RHB Glenn Seals 0-0: Ball
1-0: Ball
2-0: Called Strike
2-1: Ground out 1-3 (Groundball, P, EV 93.1 MPH)
Top of the 8th over - 0 runs, 1 hit, 0 errors, 1 left on base; Idaho Falls 2 - Kennesaw 3
BOTTOM OF THE 8TH
Kennesaw Jets batting - Pitching for Idaho Falls Chukars : RHP Mike Lewis
Batting: LHB José Costa 0-0: Ground out 4-3 (Groundball, 34D, EV 99.4 MPH)
Batting: RHB Wally Harrison 0-0: Swinging Strike
0-1: Called Strike
0-2: Ball
1-2: Fly out, F4 (Popup, 4M, EV 55.6 MPH)
Batting: RHB Kaaleppi Möttölä 0-0: Called Strike
0-1: Fly out, F9 (Line Drive, 9D, EV 98.1 MPH)
Bottom of the 8th over - 0 runs, 0 hits, 0 errors, 0 left on base; Idaho Falls 2 - Kennesaw 3
TOP OF THE 9TH
Idaho Falls Chukars batting - Pitching for Kennesaw Jets : LHP Manuel Silva
Batting: RHB Matt Fuller 0-0: Ball
1-0: Ball
2-0: Ball
3-0: Called Strike
3-1: Base on Balls
Batting: LHB Taroemon Nishii 0-0: Swinging Strike
0-1: Grounds into double play, 4-6-3 (Groundball, 4, EV 103.1 MPH)
Pinch Hitting: RHB Ben Russell 0-0: Foul Ball, location: 2F
0-1: Ball
1-1: Ball
2-1: Foul Ball, location: 2F
2-2: Ball
3-2: Foul Ball, location: 2F
3-2: Foul Ball, location: 2F
3-2: Foul Ball, location: 2F
3-2: Fly out, F7 (Flyball, 7LD, EV 100.6 MPH)
Top of the 9th over - 0 runs, 0 hits, 0 errors, 0 left on base; Idaho Falls 2 - Kennesaw 3
Friday, March 26th, 2021 - OOTP Baseball 20.8 Build 74